[Event "Titled Tuesday Blitz August 08 Early 2023"]
[White "Kirillov, Dmitry"]
[Black "only_strong_moves"]
[WhiteFideId "34180572"]
[WhiteElo "2448"]
[BlackElo "2579"]
[Result "1-0"]
[Round "7"]
[TimeControl "180+1"]
[Date "2023.08.08"]
[WhiteClock "0:01:14"]
[BlackClock "0:00:14"]
[Board "118"]

1. e4 c5 2. Nc3 g6 3. f4 Bg7 4. Nf3 d6 5. Bc4 e6 6. d3 Ne7 7. O-O Nbc6 8. Qe1 O-O 9. f5 exf5 10. Qh4 Ne5 11. Nxe5 Bxe5 12. Bg5 Re8 13. Nd5 Nxd5 14. Bxd8 Ne3 15. Rfe1 Nxc2 16. Bf6 fxe4 17. Bxe5 Rxe5 18. Bxf7+ Kxf7 19. Qf2+ Bf5 20. Qxc2 exd3 21. Qb3+ Kf6 22. Rxe5 dxe5 23. Qxb7 Rd8 24. Rd1 e4 25. Qc6+ Kg5 26. Qxc5 Rc8 27. Qe3+ Kf6 28. g4 Bxg4 29. Rf1+ Bf5 30. Qxe4 Rd8 31. Rxf5+ gxf5 32. Qh4+ 1-0


[Site "https://www.chess.com"]

[Event "Titled Tuesday Blitz August 08 Early 2023"]
[White "Aevengho"]
[Black "Warchol, Kamil"]
[BlackFideId "21858241"]
[WhiteElo "2578"]
[BlackElo "2444"]
[Result "1-0"]
[Round "7"]
[TimeControl "180+1"]
[Date "2023.08.08"]
[WhiteClock "0:00:03"]
[BlackClock "0:00:00"]
[Board "119"]

1. e4 c5 2. Nf3 e6 3. Nc3 a6 4. d4 cxd4 5. Nxd4 b5 6. Bd3 Qb6 7. Nb3 Qc7 8. a4 b4 9. Ne2 Bb7 10. Bf4 d6 11. Qd2 Nc6 12. O-O Nf6 13. Rac1 Be7 14. c3 bxc3 15. Rxc3 O-O 16. Rfc1 Qd7 17. Be3 Rac8 18. f3 Ne5 19. Bb1 Qxa4 20. Nbd4 Nc4 21. b3 Nxd2 22. bxa4 Rxc3 23. Rxc3 Ndxe4 24. fxe4 Bxe4 25. Bxe4 Nxe4 26. Rc7 Bf6 27. Nc6 d5 28. Ra7 e5 29. Rxa6 d4 30. Bc1 d3 31. Ng3 d2 32. Bxd2 Nxd2 33. a5 e4 34. Kf2 Bg5 35. Ke2 f5 36. Rb6 f4 37. Nf1 f3+ 38. gxf3 exf3+ 39. Kf2 Bh4+ 40. Kg1 f2+ 41. Kg2 Nxf1 42. Kxf1 Re8 43. Rb8 Rxb8 44. Nxb8 Bd8 45. a6 Bb6 46. Nc6 Kf7 47. a7 Bxa7 48. Nxa7 g5 49. Kxf2 h5 50. Kg3 Kg6 51. Nc6 Kf5 52. Nd4+ Ke4 53. Nf3 g4 54. Nh4 Ke5 55. Ng6+ Kf6 56. Nf4 Kg5 57. Ng2 Kf5 58. Kh4 Ke4 59. Kxh5 Kf3 60. Nh4+ Kf2 61. Kxg4 1-0


[Site "https://www.chess.com"]

[Event "Titled Tuesday Blitz August 08 Early 2023"]
[White "Mrudul Dehankar"]
[Black "Eynullayev, Altay"]
[WhiteFideId "25096990"]
[BlackFideId "13413562"]
[WhiteElo "2445"]
[BlackElo "2578"]
[Result "1-0"]
[Round "7"]
[TimeControl "180+1"]
[Date "2023.08.08"]
[WhiteClock "0:00:03"]
[BlackClock "0:00:20"]
[Board "120"]

1. e4 c5 2. Nf3 d6 3. d4 cxd4 4. Nxd4 Nf6 5. Nc3 a6 6. Bg5 Nbd7 7. f4 Qc7 8. Qf3 h6 9. Bh4 g5 10. fxg5 hxg5 11. Bxg5 Qc5 12. Qe3 Ng4 13. Qd2 Rg8 14. h4 Bg7 15. Nf5 Bxc3 16. bxc3 f6 17. Bf4 Nb6 18. Qd4 Bxf5 19. Qxc5 dxc5 20. exf5 O-O-O 21. Rb1 Nd5 22. Bd2 Nde3 23. Rc1 b5 24. g3 Nxf5 25. Bh3 Kb7 26. Rf1 Nxg3 27. Rg1 Ne4 28. Rxg4 Rxg4 29. Bxg4 Nxd2 30. Rd1 Nc4 31. Rxd8 Ne3 32. Rd7+ Kc6 33. Be6 Nxc2+ 34. Kd2 Na3 35. h5 Nb1+ 36. Ke2 Nxc3+ 37. Kf3 b4 38. h6 Nb5 39. h7 Nd4+ 40. Rxd4 cxd4 41. h8=Q Kd6 42. Qc8 Ke5 43. Qd7 f5 44. Qd5+ Kf6 45. Qxf5+ Kg7 46. Qf7+ Kh6 47. Bf5 Kg5 48. Qg6+ Kh4 49. Qh6# 1-0


[Site "https://www.chess.com"]

[Event "Titled Tuesday Blitz August 08 Early 2023"]
[White "Novikov, Evgenij"]
[Black "vishwa_vijeta"]
[WhiteFideId "4125380"]
[WhiteElo "2442"]
[BlackElo "2576"]
[Result "0-1"]
[Round "7"]
[TimeControl "180+1"]
[Date "2023.08.08"]
[WhiteClock "0:00:00"]
[BlackClock "0:00:02"]
[Board "121"]

1. e4 c5 2. Nf3 d6 3. a3 Nf6 4. Nc3 Nc6 5. b4 cxb4 6. axb4 Nxb4 7. Bc4 e6 8. O-O Be7 9. Ba3 Nc6 10. d4 d5 11. exd5 exd5 12. Bxe7 Nxe7 13. Bb5+ Nc6 14. Re1+ Be6 15. Ng5 Qd6 16. Qe2 O-O 17. Nxe6 fxe6 18. Bxc6 Qxc6 19. Qxe6+ Qxe6 20. Rxe6 Rfc8 21. Ra3 Rc4 22. h3 Rxd4 23. Nb5 Rd1+ 24. Kh2 a6 25. Nd6 Rb8 26. Rg3 Rf8 27. Re7 g6 28. Rxb7 Nh5 29. Re3 Rd2 30. f3 d4 31. Ree7 Rxc2 32. Ne4 d3 33. Ng3 Rc5 34. Nxh5 Rxh5 35. Rg7+ Kh8 36. Rgd7 a5 37. Rxd3 Ra8 38. Ra3 a4 39. Rb4 Rha5 40. h4 R8a7 41. g4 Kg7 42. Kg3 R5a6 43. g5 Ra5 44. f4 h6 45. Kg4 h5+ 46. Kf3 R5a6 47. Re4 Ra5 48. Ke3 R5a6 49. Rd4 Re7+ 50. Kd3 Rea7 51. Kc3 Rc7+ 52. Rc4 Rb7 53. Kd4 Rd6+ 54. Kc3 Rdd7 0-1


[Site "https://www.chess.com"]

[Event "Titled Tuesday Blitz August 08 Early 2023"]
[White "WindWhistler11"]
[Black "Manukyan, Sargis A."]
[BlackFideId "13303970"]
[WhiteElo "2435"]
[BlackElo "2569"]
[Result "1-0"]
[Round "7"]
[TimeControl "180+1"]
[Date "2023.08.08"]
[WhiteClock "0:00:28"]
[BlackClock "0:00:26"]
[Board "122"]

1. Nf3 d5 2. c4 e6 3. e3 Nf6 4. b3 Be7 5. Bb2 O-O 6. Be2 c5 7. cxd5 exd5 8. d3 Nc6 9. O-O b6 10. Nbd2 Bf5 11. a3 Qc8 12. Ra2 h6 13. Qa1 Re8 14. Rd1 Bd8 15. Nf1 d4 16. e4 Nxe4 17. dxe4 Bxe4 18. Ng3 Bd5 19. Bc4 Bxc4 20. bxc4 Na5 21. Qc1 Qe6 22. Re1 Qd7 23. Rxe8+ Qxe8 24. Ba1 Bf6 25. Re2 Qa4 26. Nh5 Bg5 27. Nxg5 hxg5 28. h4 f6 29. Re7 Qxc4 30. Rxg7+ Kf8 31. Qd1 Re8 32. Qf3 Qe6 33. hxg5 f5 34. g6 Qe1+ 35. Kh2 Qe5+ 36. g3 Qxg7 37. Nxg7 Kxg7 38. Qxf5 Re7 39. g4 Nb7 40. g5 Rc7 41. Qf6+ Kg8 42. Qe5 Rc8 43. Qe6+ Kg7 44. Qxc8 Nd6 45. Qd7+ Kxg6 46. Qxd6+ Kxg5 47. Bxd4 cxd4 48. Qxd4 a5 49. Qxb6 a4 50. Qb4 Kf5 51. Qxa4 Ke5 52. Qb4 Kd5 53. a4 Kc6 54. a5 Kc7 55. a6 Kc6 56. a7 Kc7 57. Kg2 Kd7 58. Kf1 Ke6 59. Ke2 Kd5 60. Ke3 Ke5 61. a8=Q Ke6 62. Qa6+ Kd7 63. Qbb7+ Kd8 64. Qaa8# 1-0


[Site "https://www.chess.com"]

[Event "Titled Tuesday Blitz August 08 Early 2023"]
[White "Ingebretsen, Jens E"]
[Black "Psychonerd5"]
[WhiteFideId "1522965"]
[WhiteElo "2569"]
[BlackElo "2425"]
[Result "1-0"]
[Round "7"]
[TimeControl "180+1"]
[Date "2023.08.08"]
[WhiteClock "0:01:07"]
[BlackClock "0:00:00"]
[Board "123"]

1. e4 c5 2. Nf3 e6 3. d4 cxd4 4. Nxd4 a6 5. c4 Nf6 6. Nc3 Qc7 7. Be2 Bb4 8. Qd3 Nc6 9. O-O O-O 10. Bg5 Ne5 11. Qg3 Ne8 12. Nf5 exf5 13. Nd5 Qd6 14. Be7 Qe6 15. exf5 Qh6 16. Bxb4 d6 17. Bxd6 Qxd6 18. Rad1 Nf6 19. c5 Qb8 20. Nxf6+ Kh8 21. Nh5 Rg8 22. f6 g6 23. f4 Nd7 24. Qh4 gxh5 25. Bxh5 1-0


[Site "https://www.chess.com"]

[Event "Titled Tuesday Blitz August 08 Early 2023"]
[White "Hrbek, Stepan"]
[Black "Czerw, Dawid"]
[WhiteFideId "393479"]
[BlackFideId "1145746"]
[WhiteElo "2435"]
[BlackElo "2567"]
[Result "1-0"]
[Round "7"]
[TimeControl "180+1"]
[Date "2023.08.08"]
[WhiteClock "0:00:08"]
[BlackClock "0:00:00"]
[Board "124"]

1. d4 Nf6 2. Nf3 g6 3. e3 Bg7 4. b3 O-O 5. Bb2 c5 6. dxc5 Qa5+ 7. c3 Qxc5 8. Ba3 Qb6 9. Bxe7 Re8 10. Ba3 Ne4 11. Bb2 Nxf2 12. Kxf2 Qxe3+ 13. Kg3 Be5+ 14. Kh3 d5+ 15. g4 h5 16. Kg2 hxg4 17. Nxe5 Rxe5 18. Qd4 Qf3+ 19. Kg1 Nc6 20. Qf2 Qd1 21. Na3 Qf3 22. Qxf3 gxf3 23. Kf2 Bg4 24. h3 Bh5 25. Re1 Rae8 26. Rxe5 Nxe5 27. Nc2 Nd7 28. Nd4 Nf6 29. Nxf3 Ne4+ 30. Kg2 Nc5 31. Bb5 Re3 32. Nd4 a6 33. Kf2 Re7 34. Be2 b6 35. Bxh5 Ne4+ 36. Kg2 gxh5 37. Re1 Rc7 38. Re3 Kg7 39. Ba3 Kh6 40. c4 f6 41. cxd5 Rc2+ 42. Nxc2 1-0


[Site "https://www.chess.com"]

[Event "Titled Tuesday Blitz August 08 Early 2023"]
[White "Escudero Donoso, Felipe"]
[Black "FoxOnTheRun97"]
[WhiteFideId "3410595"]
[WhiteElo "2424"]
[BlackElo "2562"]
[Result "1-0"]
[Round "7"]
[TimeControl "180+1"]
[Date "2023.08.08"]
[WhiteClock "0:00:04"]
[BlackClock "0:00:00"]
[Board "125"]

1. d4 Nf6 2. c4 e6 3. g3 d5 4. Nf3 Bb4+ 5. Bd2 Be7 6. Bg2 O-O 7. O-O c6 8. Qc2 b6 9. Bf4 Ba6 10. Nbd2 Nbd7 11. Qa4 Bxc4 12. Nxc4 b5 13. Qa6 bxc4 14. Qxc6 Qc8 15. Qxc8 Rfxc8 16. Rfc1 Ne4 17. Ne5 Nxe5 18. Bxe5 f6 19. Bf4 g5 20. Be3 Nd6 21. h4 h6 22. hxg5 hxg5 23. g4 f5 24. gxf5 Nxf5 25. Bf3 Bf6 26. Rd1 Rab8 27. Rab1 Rb5 28. Bg4 Rcb8 29. Bc1 c3 30. Rd3 cxb2 31. Be3 Kf7 32. Ra3 R8b7 33. Ra6 R5b6 34. Ra5 Nxd4 35. Kg2 Rb5 36. Ra6 Nf5 37. Bxa7 Rc7 38. Be3 Nxe3+ 39. fxe3 Rc1 40. Bxe6+ Ke7 41. Bf5 Rxb1 42. Bxb1 Rc5 43. Rb6 Rc1 44. Bf5 Bc3 45. Bd3 Kd7 46. a4 Kc7 47. Rb3 Be5 48. Kf3 Ra1 49. Kg4 Rxa4+ 50. Kxg5 Ra1 51. Kf5 Bg7 52. Ke6 d4 53. exd4 Bxd4 54. Kd5 Bf6 55. e4 Ra5+ 56. Ke6 Bd4 57. Rb4 Re5+ 58. Kf7 1-0


[Site "https://www.chess.com"]

[Event "Titled Tuesday Blitz August 08 Early 2023"]
[White "Aarav Dengla"]
[Black "Begunov, Konstantin"]
[WhiteFideId "45059756"]
[BlackFideId "4118510"]
[WhiteElo "2554"]
[BlackElo "2423"]
[Result "1-0"]
[Round "7"]
[TimeControl "180+1"]
[Date "2023.08.08"]
[WhiteClock "0:00:09"]
[BlackClock "0:00:00"]
[Board "126"]

1. e4 c5 2. Nf3 d6 3. d4 cxd4 4. Nxd4 Nf6 5. Nc3 a6 6. Rg1 e5 7. Nb3 b5 8. g4 Bb7 9. Bg2 h6 10. h4 b4 11. Nd5 Nxd5 12. exd5 Qxh4 13. Be3 Qh2 14. f3 Be7 15. Na5 Bh4+ 16. Kf1 Bc8 17. Rh1 Qg3 18. Rh3 h5 19. Rxg3 Bxg3 20. gxh5 Rxh5 21. f4 Rf5 22. Bh3 Rxf4+ 23. Bxf4 Bxh3+ 24. Kg1 exf4 25. Qh5 Bd7 26. Nb7 f3 27. Qxf3 Be5 28. Re1 Ra7 29. Nxd6+ Kf8 30. Rxe5 1-0


[Site "https://www.chess.com"]

[Event "Titled Tuesday Blitz August 08 Early 2023"]
[White "Kukreja Sankalp"]
[Black "Do Nascimento,Christian Almeida"]
[WhiteFideId "45027676"]
[BlackFideId "2143801"]
[WhiteElo "2422"]
[BlackElo "2553"]
[Result "1-0"]
[Round "7"]
[TimeControl "180+1"]
[Date "2023.08.08"]
[WhiteClock "0:00:06"]
[BlackClock "0:00:00"]
[Board "127"]

1. e4 e6 2. d4 d5 3. Nc3 Bb4 4. Ne2 Ne7 5. a3 Bxc3+ 6. Nxc3 O-O 7. Bd3 c5 8. dxc5 Nbc6 9. O-O dxe4 10. Nxe4 e5 11. Qh5 Bf5 12. Nf6+ gxf6 13. Bxf5 Nxf5 14. Qxf5 Kh8 15. Bh6 Rg8 16. Rad1 Qe7 17. Rd7 Nd4 18. Qh3 Qe6 19. Qxe6 fxe6 20. c3 Nf3+ 21. Kh1 Nh4 22. Rxb7 Rxg2 23. c6 Rag8 24. Rd1 Nf3 25. Bg7+ R2xg7 26. Rxg7 Kxg7 27. c7 Rc8 28. Rd7+ Kg6 29. Kg2 e4 30. b4 h5 31. b5 Ne5 32. Re7 Nc4 33. a4 Na5 34. Rd7 Kf5 35. Kf1 e5 36. Ke2 Ke6 37. Rh7 Kd6 38. Ke3 Rxc7 39. Rxc7 Kxc7 40. Kxe4 Kd6 41. Kf5 Ke7 42. Kg6 h4 43. Kf5 Nb3 44. c4 Kd6 45. Kxf6 Na5 46. c5+ Kxc5 47. Kxe5 Nc4+ 48. Ke6 Nb2 49. f4 Nxa4 50. f5 Nc3 51. f6 Nxb5 52. f7 Nc7+ 53. Kd7 1-0


[Site "https://www.chess.com"]

[Event "Titled Tuesday Blitz August 08 Early 2023"]
[White "Al-Tarboush, Ward"]
[Black "Bogaudinov, Rushan"]
[WhiteFideId "7601450"]
[BlackFideId "4129288"]
[WhiteElo "2552"]
[BlackElo "2420"]
[Result "0-1"]
[Round "7"]
[TimeControl "180+1"]
[Date "2023.08.08"]
[WhiteClock "0:01:57"]
[BlackClock "0:00:42"]
[Board "128"]

1. e4 c5 2. Nf3 Nc6 3. d4 cxd4 4. Nxd4 e6 5. Nc3 a6 6. Be3 Qc7 7. Qd2 b5 8. O-O-O Nf6 9. f4 b4 10. Nd5 exd5 11. exd5 Nxd4 12. Qxd4 Bd6 13. Bd3 O-O 14. g4 Re8 15. g5 Ng4 16. Bd2 Qc5 17. Rhe1 Bb7 18. Bxh7+ Kxh7 19. Qd3+ Kg8 20. g6 Qxd5 21. Qh3 Nh6 22. Rxe8+ Rxe8 23. Qxd7 Bc6 24. gxf7+ Nxf7 25. Qg4 Qxa2 26. Be3 Rxe3 27. Qc8+ Be8 28. Kd2 Qe6 0-1


[Site "https://www.chess.com"]

[Event "Titled Tuesday Blitz August 08 Early 2023"]
[White "Unat, Can Haktan"]
[Black "Llanos, Guillermo"]
[WhiteFideId "6398073"]
[BlackFideId "100358"]
[WhiteElo "2551"]
[BlackElo "2413"]
[Result "0-1"]
[Round "7"]
[TimeControl "180+1"]
[Date "2023.08.08"]
[WhiteClock "0:00:22"]
[BlackClock "0:00:24"]
[Board "129"]

1. Nc3 b6 2. d4 e6 3. Bf4 Bb7 4. e3 Nf6 5. Nf3 a6 6. h4 h6 7. h5 Bb4 8. Bd3 Ne4 9. a3 Bxc3+ 10. bxc3 Nxc3 11. Qc1 Ne4 12. Nd2 Nxd2 13. Qxd2 d6 14. O-O Nd7 15. e4 e5 16. dxe5 dxe5 17. Bg3 Qg5 18. Qc3 Rc8 19. Rad1 O-O 20. Bxa6 Bxa6 21. Rxd7 Bxf1 22. Kxf1 Qxh5 23. Bxe5 f6 24. Bxc7 Qh1+ 25. Ke2 Qxg2 26. Qc4+ Kh8 27. Re7 Rfe8 28. Qf7 Rxe7 29. Qxe7 Qg4+ 30. Ke1 Qg1+ 31. Ke2 Qg4+ 32. Ke1 b5 33. e5 fxe5 34. Bxe5 Qe4+ 35. Kf1 Qh1+ 36. Ke2 Rxc2+ 37. Ke3 Qe1+ 38. Kf3 Qd1+ 39. Kg2 Qg4+ 40. Bg3 Rc8 41. Qe5 Qg5 42. Qe6 Rf8 43. Qd6 Qf5 44. Qc6 h5 45. Qb7 Kh7 46. Qc6 Rf6 47. Qb7 Re6 48. Qb8 Qe4+ 49. Kh2 h4 50. Qxb5 hxg3+ 51. fxg3 Rh6+ 52. Kg1 Rh1+ 53. Kf2 Rh2+ 54. Kf1 Qh1# 0-1


[Site "https://www.chess.com"]

[Event "Titled Tuesday Blitz August 08 Early 2023"]
[White "Camilla_Lee"]
[Black "Ventura Bolet, Maxim"]
[BlackFideId "22238824"]
[WhiteElo "2545"]
[BlackElo "2408"]
[Result "1-0"]
[Round "7"]
[TimeControl "180+1"]
[Date "2023.08.08"]
[WhiteClock "0:00:45"]
[BlackClock "0:00:00"]
[Board "130"]

1. e4 d5 2. exd5 c6 3. d4 cxd5 4. c4 Nf6 5. Nc3 g6 6. Nf3 Bg7 7. c5 O-O 8. Bf4 Nc6 9. Bb5 Bg4 10. Bxc6 bxc6 11. h3 Bxf3 12. Qxf3 Nh5 13. O-O-O Nxf4 14. Qxf4 e5 15. dxe5 Qe7 16. Qe3 Qxe5 17. Qxe5 Bxe5 18. Rhe1 Rfe8 19. Ne2 Rab8 20. Nd4 Bxd4 21. Rxe8+ Rxe8 22. Rxd4 Kg7 23. Ra4 Re7 24. Kd2 Kf6 25. Ra6 Rc7 26. b4 Ke5 27. Kd3 f5 28. Ra3 Rb7 29. Rb3 Rb5 30. a4 Rb8 31. b5 a6 32. b6 d4 33. Kc4 Ke4 34. Rd3 Rd8 35. b7 Ke5 36. f4+ 1-0


[Site "https://www.chess.com"]

[Event "Titled Tuesday Blitz August 08 Early 2023"]
[White "EsmeraldasAnderson03"]
[Black "Janaszak, Dawid"]
[BlackFideId "1119206"]
[WhiteElo "2390"]
[BlackElo "2537"]
[Result "0-1"]
[Round "7"]
[TimeControl "180+1"]
[Date "2023.08.08"]
[WhiteClock "0:01:18"]
[BlackClock "0:01:42"]
[Board "131"]

1. d4 Nf6 2. Nf3 g6 3. Bf4 d6 4. h3 Bg7 5. e3 c5 6. Nbd2 O-O 7. c3 Nc6 8. Be2 cxd4 9. exd4 e5 10. dxe5 dxe5 11. Nxe5 Nd5 12. Nxc6 bxc6 13. Bg3 Bxc3 14. bxc3 Nxc3 15. Qc2 Nxe2 16. Kxe2 Ba6+ 17. Nc4 Qd5 18. Rhc1 Qxg2 19. Kd2 Rfd8+ 20. Kc3 Bxc4 21. Kxc4 Qd5+ 22. Kc3 Qd4+ 23. Kb3 Rab8+ 24. Ka3 Qb4# 0-1


[Site "https://www.chess.com"]

[Event "Titled Tuesday Blitz August 08 Early 2023"]
[White "Gueci, Tea"]
[Black "Degenbaev, Aziz"]
[WhiteFideId "872342"]
[BlackFideId "13802640"]
[WhiteElo "2387"]
[BlackElo "2531"]
[Result "0-1"]
[Round "7"]
[TimeControl "180+1"]
[Date "2023.08.08"]
[WhiteClock "0:00:07"]
[BlackClock "0:01:11"]
[Board "132"]

1. d4 g6 2. e3 Bg7 3. c4 d6 4. Nc3 c5 5. Nf3 Nc6 6. h3 Nf6 7. Be2 O-O 8. O-O cxd4 9. exd4 d5 10. Re1 Bf5 11. Bf4 Rc8 12. Be5 dxc4 13. Qa4 a6 14. Rad1 Na5 15. Rd2 b5 16. Qd1 Nc6 17. d5 Nxe5 18. Nxe5 Qd6 19. Nc6 Rfe8 20. Bf3 Nd7 21. Rde2 Bf8 22. Ne4 Bxe4 23. Rxe4 Nc5 24. Rh4 Nd3 25. Re2 Qf6 26. Rhe4 Nxb2 27. Qa1 c3 28. Re5 Nd3 29. Qxc3 Nxe5 30. Qxe5 Qxe5 31. Rxe5 Kg7 32. Bg4 e6 33. Nd4 exd5 34. Rxd5 Rcd8 35. Rxd8 Rxd8 36. Nc6 Rd6 37. Nb4 h5 38. Bf3 a5 39. Nc6 a4 40. Kf1 Rd2 41. Be2 Rxa2 42. Bxb5 a3 43. Nd4 Rb2 44. Bc4 Rb4 0-1


[Site "https://www.chess.com"]

[Event "Titled Tuesday Blitz August 08 Early 2023"]
[White "Gontcharov, Vladislav"]
[Black "Der_Balak_3Halak"]
[WhiteFideId "4123492"]
[WhiteElo "2528"]
[BlackElo "2376"]
[Result "1/2-1/2"]
[Round "7"]
[TimeControl "180+1"]
[Date "2023.08.08"]
[WhiteClock "0:00:07"]
[BlackClock "0:00:02"]
[Board "133"]

1. d4 Nf6 2. c4 e6 3. Nc3 Bb4 4. e3 O-O 5. Bd3 b6 6. Ne2 Bb7 7. O-O c5 8. a3 Bxc3 9. bxc3 d6 10. Ng3 Nc6 11. e4 cxd4 12. cxd4 Nxd4 13. Bb2 e5 14. Bxd4 exd4 15. Bc2 Rc8 16. Qxd4 b5 17. Bd3 bxc4 18. Bxc4 Nxe4 19. Bxf7+ Rxf7 20. Nxe4 Qh4 21. f3 Bxe4 22. Qxe4 Qxe4 23. fxe4 Re7 24. Rfe1 Rc4 25. Rad1 Re6 26. Rd3 Kf7 27. Kf2 Ke7 28. Kf3 a5 29. Rd5 a4 30. Re3 h6 31. Ra5 g5 32. g4 Kf6 33. Kg3 Kg6 34. Kf3 Kf6 35. Rd5 Rc5 36. Rxc5 dxc5 37. Rc3 Rb6 38. Rxc5 Rb3+ 39. Kf2 Rxa3 40. Kg2 Ra2+ 41. Kg3 Re2 42. Rc4 a3 43. Ra4 a2 44. h4 gxh4+ 45. Kxh4 Ke5 46. Kh5 Rh2+ 47. Kg6 Kf4 48. e5+ Kxe5 49. g5 h5 50. Kh6 h4 51. g6 h3 52. g7 Rg2 53. Rxa2 h2 54. Ra1 Rg1 55. Ra5+ Kd4 56. Rh5 h1=Q 57. Rxh1 Rxh1+ 58. Kg6 Rg1+ 59. Kf7 Rf1+ 60. Ke7 Rg1 61. Kf7 Rxg7+ 62. Kxg7 1/2-1/2


[Site "https://www.chess.com"]

[Event "Titled Tuesday Blitz August 08 Early 2023"]
[White "Krzywda, Andrzej"]
[Black "Kanyamarala, Tarun"]
[WhiteFideId "1114565"]
[BlackFideId "45004714"]
[WhiteElo "2372"]
[BlackElo "2525"]
[Result "1-0"]
[Round "7"]
[TimeControl "180+1"]
[Date "2023.08.08"]
[WhiteClock "0:01:16"]
[BlackClock "0:00:39"]
[Board "134"]

1. e4 c5 2. Nf3 a6 3. c4 b6 4. Nc3 Bb7 5. d4 cxd4 6. Nxd4 e6 7. Be2 Nf6 8. f3 d6 9. O-O Be7 10. Be3 O-O 11. a4 Nbd7 12. Nb3 Nc5 13. a5 Nfd7 14. axb6 Qxb6 15. Na5 Qxb2 16. Nxb7 Qxb7 17. Rb1 Qc7 18. Qc2 Bf6 19. Rfd1 Rfb8 20. Bf1 Qa5 21. Ne2 Qa3 22. Bf2 Na4 23. Rd3 Qxd3 24. Qxd3 1-0


[Site "https://www.chess.com"]

[Event "Titled Tuesday Blitz August 08 Early 2023"]
[White "Baghdasaryan, Vahe"]
[Black "Topalov, Aleksandar"]
[WhiteFideId "13303139"]
[BlackFideId "925659"]
[WhiteElo "2524"]
[BlackElo "2361"]
[Result "1-0"]
[Round "7"]
[TimeControl "180+1"]
[Date "2023.08.08"]
[WhiteClock "0:00:03"]
[BlackClock "0:00:00"]
[Board "135"]

1. e4 e6 2. d4 d5 3. Nd2 Nf6 4. e5 Ng8 5. Bd3 Ne7 6. Ne2 Qd7 7. c3 b6 8. a4 Ba6 9. Nf3 Bxd3 10. Qxd3 c5 11. a5 c4 12. Qc2 b5 13. b4 cxb3 14. Qxb3 a6 15. Ba3 Nbc6 16. Bc5 Ng6 17. Bb6 Be7 18. h4 h5 19. g3 f6 20. exf6 gxf6 21. Qc2 Kf7 22. Qd3 Bd6 23. O-O Rag8 24. Kh1 Nge7 25. Nc1 Nf5 26. Nb3 Rg4 27. Nc5 Bxc5 28. Bxc5 Rhg8 29. Nh2 Re4 30. Rae1 Rxe1 31. Rxe1 Nxa5 32. Qe2 Rh8 33. Ra1 Qc7 34. Bb4 Nc6 35. Rxa6 Nxb4 36. cxb4 Nd6 37. Qd3 Ne4 38. Kg2 Qc4 39. Ra7+ Kg6 40. Qd1 Qxb4 41. Nf1 Qb2 42. Qf3 Qxd4 43. Ne3 Qe5 44. Ra6 b4 45. Nc2 b3 46. Ne1 b2 47. Rb6 Rc8 48. Nd3 Qd4 49. Nf4+ 1-0


[Site "https://www.chess.com"]

[Event "Titled Tuesday Blitz August 08 Early 2023"]
[White "Amanov, Zhanibek"]
[Black "Tikhonov, Viacheslav"]
[WhiteFideId "13700189"]
[BlackFideId "44196407"]
[WhiteElo "2356"]
[BlackElo "2519"]
[Result "0-1"]
[Round "7"]
[TimeControl "180+1"]
[Date "2023.08.08"]
[WhiteClock "0:00:02"]
[BlackClock "0:00:36"]
[Board "136"]

1. e4 c5 2. Nf3 Nc6 3. Bb5 e5 4. Bxc6 dxc6 5. Nxe5 Qd4 6. Nf3 Qxe4+ 7. Qe2 Qxe2+ 8. Kxe2 Bd6 9. Re1 Ne7 10. Nc3 b6 11. d3 f5 12. Kf1 O-O 13. Bd2 Nd5 14. Nxd5 cxd5 15. c4 Bb7 16. Re6 Rad8 17. Bg5 Rd7 18. Ne5 Bxe5 19. Rxe5 h6 20. Be3 f4 21. Bc1 dxc4 22. dxc4 Rd1+ 23. Ke2 Rh1 24. g3 f3+ 25. Kd3 Rd8+ 26. Kc2 Rdd1 27. Re7 Bc6 28. Rxa7 Be4+ 29. Kb3 Rxc1 30. Rxc1 Rxc1 31. Ra6 Rc2 32. Rxb6 Rxf2 33. a4 Rxh2 34. a5 f2 0-1


[Site "https://www.chess.com"]

[Event "Titled Tuesday Blitz August 08 Early 2023"]
[White "Martin Barcelo, Carles"]
[Black "amanjazu"]
[WhiteFideId "24561444"]
[WhiteElo "2518"]
[BlackElo "2341"]
[Result "1-0"]
[Round "7"]
[TimeControl "180+1"]
[Date "2023.08.08"]
[WhiteClock "0:00:17"]
[BlackClock "0:00:06"]
[Board "137"]

1. e4 d5 2. exd5 Nf6 3. Nc3 Nxd5 4. Bc4 Nxc3 5. Qf3 e6 6. Qxc3 Nc6 7. Nf3 Qf6 8. Qxf6 gxf6 9. d4 Bd6 10. Be3 Ne7 11. O-O-O c6 12. g3 Kd7 13. Rhe1 Kc7 14. a4 Rb8 15. Nd2 b5 16. axb5 cxb5 17. Ba2 Bb7 18. Nb3 Bd5 19. Kb1 Nc6 20. Nc5 Bxa2+ 21. Kxa2 Bxc5 22. dxc5 Nb4+ 23. Kb3 a5 24. Ra1 Ra8 25. c3 Nd5 26. Kc2 Kc6 27. Bd4 e5 28. Be3 Rhd8 29. h4 b4 30. cxb4 Nxb4+ 31. Kc3 Rd3+ 32. Kc4 Rad8 33. Rxa5 Nc2 34. Ra6+ Kb7 35. Rb6+ Kc7 36. Rc1 Nxe3+ 37. fxe3 Rxe3 38. Rc3 Rd4+ 39. Kb5 Rxc3 40. bxc3 Rd3 41. Rxf6 Rxg3 42. Rxf7+ Kc8 43. Kc6 Rg6+ 44. Kd5 Rh6 45. Rf8+ Kd7 46. Rf7+ Ke8 47. Rf5 Rxh4 48. Rxe5+ Kd7 49. c6+ Kd8 50. Rg5 Rh6 51. c4 Kc7 52. Rg7+ Kc8 53. Kc5 Rh1 54. Rf7 h5 55. Rh7 h4 56. Kd6 Rd1+ 57. Ke5 Re1+ 58. Kd5 Rd1+ 59. Ke4 Re1+ 60. Kd4 Rd1+ 61. Ke3 Re1+ 62. Kd3 Rd1+ 63. Kc3 Rc1+ 64. Kb4 Rb1+ 65. Kc5 Rh1 66. c7 Rc1 67. Rxh4 Kxc7 68. Rh7+ Kc8 69. Kd5 Rd1+ 70. Kc6 Kb8 71. Rh8+ Ka7 72. c5 Ra1 73. Kc7 Rc1 74. c6 Rc2 75. Rh4 Rc1 76. Ra4# 1-0


[Site "https://www.chess.com"]

[Event "Titled Tuesday Blitz August 08 Early 2023"]
[White "Ansh M Shah"]
[Black "Ziatdinov, Raset"]
[WhiteFideId "25033379"]
[BlackFideId "2015323"]
[WhiteElo "2518"]
[BlackElo "2337"]
[Result "1-0"]
[Round "7"]
[TimeControl "180+1"]
[Date "2023.08.08"]
[WhiteClock "0:00:09"]
[BlackClock "0:00:36"]
[Board "138"]

1. d4 Nf6 2. c4 g6 3. Nc3 Bg7 4. h4 h6 5. e4 d6 6. Be2 Nc6 7. d5 Ne5 8. Nf3 Nxf3+ 9. Bxf3 O-O 10. Be3 c6 11. Qd2 Kh7 12. O-O-O b5 13. dxc6 bxc4 14. Rdg1 Rb8 15. g4 Ng8 16. h5 g5 17. e5 Bxe5 18. Be4+ Kh8 19. f4 Bxf4 20. Bxf4 gxf4 21. Qxf4 e5 22. Qd2 Qg5 23. Qxg5 hxg5 24. Rh2 Nh6 25. Bf3 Be6 26. Rd2 Rbd8 27. Rgd1 Nxg4 28. Rxd6 Rxd6 29. Rxd6 Nf2 30. c7 Nd3+ 31. Kd2 Rc8 32. Rd8+ Kg7 33. Nb5 Nc5 34. Nd6 Rxc7 35. Ne8+ Kh6 36. Nxc7 Bf5 37. Rd5 Nd7 38. Ke3 g4 39. Be4 Bxe4 40. Kxe4 Nf6+ 41. Kxe5 Nxd5 42. Nxd5 Kxh5 43. Kf4 Kh4 44. Ne3 g3 45. Nf5+ Kh3 46. Nxg3 Kg2 47. Ne4 Kf1 48. Ke3 f5 49. Nd6 f4+ 50. Kxf4 Ke2 51. Nxc4 Kd3 52. Na5 Kc2 53. Nc4 Kd3 54. b3 Kc3 55. Ke4 Kb4 56. Kd5 Kc3 57. Kc5 1-0


[Site "https://www.chess.com"]

[Event "Titled Tuesday Blitz August 08 Early 2023"]
[White "Zaksaite, Salomeja"]
[Black "Lehtosaari, Mauri"]
[WhiteFideId "12801496"]
[BlackFideId "501999"]
[WhiteElo "2325"]
[BlackElo "2518"]
[Result "0-1"]
[Round "7"]
[TimeControl "180+1"]
[Date "2023.08.08"]
[WhiteClock "0:00:00"]
[BlackClock "0:00:22"]
[Board "139"]

1. e4 d5 2. exd5 Qxd5 3. c4 Qe5+ 4. Be2 c5 5. Nf3 Qc7 6. d4 cxd4 7. Nxd4 Nf6 8. Nc3 e6 9. Bg5 Be7 10. Bh4 Nc6 11. Bg3 Qa5 12. Nxc6 bxc6 13. O-O O-O 14. Qc2 Bb7 15. Bf3 Qa6 16. b3 c5 17. Ne4 Nxe4 18. Bxe4 Bxe4 19. Qxe4 Bf6 20. Be5 Bxe5 21. Qxe5 Qc6 22. Rfe1 Rfd8 23. Re3 Rd4 24. Rg3 g6 25. Re1 Rad8 26. Rge3 a5 27. g3 a4 28. h4 h5 29. Qg5 Rd1 30. bxa4 Qxa4 31. Qxc5 Qxa2 32. Qc7 Rxe1+ 33. Rxe1 Qd2 34. Re3 Qd6 35. Qxd6 Rxd6 36. c5 Rc6 37. Rc3 Kf8 38. Kg2 Ke7 39. Kf3 e5 40. Ke4 Ke6 41. f3 f5+ 42. Ke3 Kd5 43. Ra3 Kxc5 44. Ra8 Kd5 45. Rg8 Ra6 46. Rg7 Ra3+ 47. Kf2 Kd4 48. Rxg6 Ra2+ 49. Kf1 Ke3 50. Rf6 f4 0-1


[Site "https://www.chess.com"]